Avalanche vs Senateurs
(R2)
Created - 17 décembre 2016 at 19:02
Goals
|
Avalanche |
1 |
0 |
1 |
2 |
Senateurs |
2 |
1 |
3 |
6 |
|
Shots
|
Avalanche |
15 |
6 |
6 |
27 |
Senateurs |
10 |
7 |
10 |
27 |
|
1st period
1. Avalanche , Mikkel Boedker 10 (Paul Stastny, Alexander Radulov) at 3:27
2. Senateurs , Brad Richards 9 (Brenden Morrow) at 8:18
3. Senateurs , B.J. Crombeen 5 (Brad Richards) at 15:31
Penalties :
Gilbert Brule (Ott) for Hooking (Minor) at 3:30, Paul Stastny (Col) for Hooking (Minor) at 7:27, Dan Hamhuis (Ott) for Roughing (Minor) at 7:42, Gilbert Brule (Ott) for Holding (Minor) at 10:21
2nd period
4. Senateurs , Thomas Vanek 18 (Dan Hamhuis, Kurtis Foster) at 9:27 (PP)
Penalties :
Kurtis Foster (Ott) for Slashing (Minor) at 0:24, Jay Bouwmeester (Col) for Diving (Minor) at 4:24, Bryan Little (Col) for Holding (Minor) at 8:51, Gilbert Brule (Ott) for High sticking (Minor) at 9:57, Carlo Colaiacovo (Ott) for Roughing (Double Minor) at 14:07
3rd period
5. Senateurs , Brenden Morrow 8 (Brad Richards, B.J. Crombeen) at 1:25 (PP)
6. Senateurs , Thomas Vanek 19 (Gilbert Brule) at 1:37 (PP)
7. Senateurs , Vitaly Vishnevsky 2 (Carlo Colaiacovo, Jonas Gustavsson) at 10:40 (PP)
8. Avalanche , Andrew Ladd 7 (David Krejci, Chuck Kobasew) at 13:29
Penalties :
Jack Johnson (Col) for High sticking (Double Minor) at 0:42, Vitaly Vishnevsky (Ott) for Holding Stick (Minor) at 2:41, Mike Comrie (Col) for Roughing (Minor) at 9:46, Marc Staal (Col) for Interference (Minor) at 17:12, Vitaly Vishnevsky (Ott) for Roughing (Minor) at 18:01
Goalie Stats
Dan Ellis (Col), 7 saves from 9 shots - (0,778), 18:35 minutes
Semyon Varlamov (Col), 14 saves from 18 shots - (0,778), L, 5-8-2, 41:25 minutes
Jonas Gustavsson (Ott), 25 saves from 27 shots - (0,926), W, 4-1-0, 60:00 minutes
Players Stats for Avalanche
Player Name G A P +/- PIM S H SB GA TA FO MP PP MP PK MP
------------------------------------------------------------------------------------
Alexander Radulov 0 1 1 0 0 1 3 0 0 2 1/1 17:25 6:27 0:43
Andrei Kostitsyn 0 0 0 0 0 5 1 0 1 0 0/1 20:05 7:31 0:16
Andrew Ladd 1 0 1 1 0 2 0 0 0 1 0/0 10:28 0:44 0:55
Brandon Yip 0 0 0 0 0 0 1 0 0 0 1/1 8:50 0:49 0:55
Bryan Little 0 0 0 -1 2 2 1 1 1 0 13/22 18:51 7:40 0:00
Chuck Kobasew 0 1 1 1 0 0 0 1 1 1 1/1 13:12 0:00 4:17
Corey Perry 0 0 0 0 0 4 0 0 0 0 3/6 19:46 7:26 0:00
David Krejci 0 1 1 1 0 2 1 0 0 0 1/5 9:56 0:44 0:23
Jack Johnson 0 0 0 0 4 1 0 1 1 0 0/0 20:39 0:42 2:51
Jay Bouwmeester 0 0 0 -1 2 0 1 2 0 0 0/0 18:25 9:09 0:00
Johnny Boychuk 0 0 0 1 0 1 1 0 0 0 0/0 19:28 8:48 0:00
Marc Staal 0 0 0 0 2 1 6 5 1 1 0/0 25:21 5:12 2:57
Mike Comrie 0 0 0 0 2 0 2 0 0 0 8/14 10:40 0:00 3:27
Mikkel Boedker 1 0 1 -1 0 4 4 0 0 0 0/1 17:56 6:42 0:00
Paul Stastny 0 1 1 0 2 0 2 1 0 0 2/9 17:06 6:42 0:00
Pernell Karl Subban 0 0 0 1 0 0 0 2 1 2 0/0 20:42 5:14 1:42
Ryan Smyth 0 0 0 0 0 4 2 1 0 0 0/0 7:06 0:00 0:00
Shane O'Brien 0 0 0 -1 0 0 0 2 0 1 0/0 15:36 0:55 3:26
Players Stats for Senateurs
Player Name G A P +/- PIM S H SB GA TA FO MP PP MP PK MP
------------------------------------------------------------------------------------
Andrew Ebbett 0 0 0 -1 0 0 0 0 0 0 3/7 11:32 0:00 5:02
Andy McDonald 0 0 0 -1 0 1 1 1 0 0 0/0 10:00 0:00 3:29
B.J. Crombeen 1 1 2 1 0 5 0 1 0 1 0/1 10:42 1:59 0:00
Brad Richards 1 2 3 2 0 3 1 0 0 0 6/10 17:40 1:59 5:31
Brandon Dubinsky 0 0 0 0 0 1 0 0 0 0 1/2 8:05 0:00 0:23
Brenden Morrow 1 1 2 2 0 2 3 0 0 0 1/1 16:31 1:59 4:24
Carlo Colaiacovo 0 1 1 -1 4 1 0 2 1 1 0/0 19:12 2:04 5:02
Dan Girardi 0 0 0 1 0 0 0 0 0 0 0/0 13:03 0:00 1:35
Dan Hamhuis 0 1 1 0 2 4 0 0 0 0 0/0 28:20 3:23 8:03
Darcy Hordichuk 0 0 0 0 0 0 0 0 0 0 0/0 7:37 0:00 0:00
George Parros 0 0 0 -1 0 0 0 0 0 0 1/1 6:24 0:00 0:00
Gilbert Brule 0 1 1 -1 6 1 3 0 1 0 16/34 22:48 3:29 4:01
Johan Franzen 0 0 0 -1 0 2 1 0 0 0 1/1 16:40 3:29 0:00
Kurtis Foster 0 1 1 1 2 1 3 4 0 2 0/0 27:44 3:24 6:31
Milan Hejduk 0 0 0 0 0 0 0 0 1 0 0/0 7:37 0:00 0:00
Thomas Vanek 2 0 2 -1 0 5 3 0 3 2 2/4 25:52 3:29 7:04
Vitaly Vishnevsky 1 0 1 -1 4 1 1 1 2 0 0/0 18:39 2:03 5:02
Vladimir Mihalik 0 0 0 0 0 0 1 0 0 0 0/0 13:35 0:00 3:41
3 Stars
1 - Brad Richards (Ott)
2 - Brenden Morrow (Ott)
3 - Thomas Vanek (Ott)
Power Play
Avalanche - 0 on 9 Attempt(s) - 0,00%
Senateurs - 4 on 7 Attempt(s) - 57,14%
Penalty Kill
Avalanche - 3 on 7 Attempt(s) - 42,86%
- Score 0 goal in Penalty Kill
Senateurs - 9 on 9 Attempt(s) - 100,00%
- Score 0 goal in Penalty Kill
Team Stat
Avalanche - Hits : 25 - Faceoff Wins : 30 - Blocked Shots : 16 - Penalty Minutes : 14
Senateurs - Hits : 17 - Faceoff Wins : 31 - Blocked Shots : 9 - Penalty Minutes : 18
Official
Referees : Dwyer Gord and Marouelli Dan
Linesman : Shane Heyer and Steve Miller
Game Notes
Dan Ellis enters game at 1:25 of 3rd period
Finance
Level 1 -- Attendance: 6000 (100,00%) -- Ticket Income 480 000 $
Level 2 -- Attendance: 4971 (99,42%) -- Ticket Income 248 550 $
Level 3 -- Attendance: 1782 (89,10%) -- Ticket Income 53 460 $
Level 4 -- Attendance: 3128 (78,20%) -- Ticket Income 71 944 $
Luxury Box -- Attendance: 876 (87,60%) -- Ticket Income 135 780 $
Game was played at the Place Banque Scotia.
Total Attendance: 16757 (93,09%)
Total Ticket Income: 989 734 $
Other Income: 148 460 $
Total Income: 1 138 194 $
Avalanche
5 vs 5 Forward
Center Left Wing Right Wing Time % Phy DF OF
1 Bryan Little Andrei Kostitsyn Corey Perry 35 1 2 2
2 Paul Stastny Mikkel Boedker Alexander Radulov 35 1 2 2
3 Mike Comrie Ryan Smyth Brandon Yip 15 1 2 2
4 David Krejci Andrew Ladd Chuck Kobasew 15 1 2 2
5 vs 5 Defense
Defense Defense Time % Phy DF OF
1 Marc Staal Jack Johnson 40 1 2 2
2 Shane O'Brien Jay Bouwmeester 30 1 2 2
3 Pernell Karl Subban Johnny Boychuk 30 1 2 2
4 Marc Staal Jack Johnson 0 1 2 2
PowerPlay Forward
Center Left Wing Right Wing Time % Phy DF OF
1 Bryan Little Andrei Kostitsyn Corey Perry 60 1 2 2
2 Paul Stastny Mikkel Boedker Alexander Radulov 40 1 2 2
PowerPlay Defense
Defense Defense Time % Phy DF OF
1 Jay Bouwmeester Johnny Boychuk 60 1 2 2
2 Marc Staal Pernell Karl Subban 40 1 2 2
Penalty Kill 4 Players Forward
Center Wing Time % Phy DF OF
1 Mike Comrie Chuck Kobasew 60 1 2 2
2 Brandon Yip Andrew Ladd 40 1 2 2
Penalty Kill 4 Players Defense
Defense Defense Time % Phy DF OF
1 Marc Staal Jack Johnson 60 1 2 2
2 Pernell Karl Subban Shane O'Brien 40 1 2 2
Penalty Kill - 3 Players Forward
Forward Time % Phy DF OF
1 Mike Comrie 60 1 2 2
2 Chuck Kobasew 40 1 2 2
Penalty Kill - 3 Players Defense
Defense Defense Time % Phy DF OF
1 Pernell Karl Subban Marc Staal 60 1 2 2
2 Shane O'Brien Jack Johnson 40 1 2 2
4 vs 4 Forward
Center Wing Time % Phy DF OF
1 Corey Perry Andrei Kostitsyn 60 1 2 2
2 Mikkel Boedker Bryan Little 40 1 2 2
4 vs 4 Defense
Defense Defense Time % Phy DF OF
1 Marc Staal Jack Johnson 60 1 2 2
2 Shane O'Brien Jay Bouwmeester 40 1 2 2
Last Minutes Offensive
Center Left Wing Right Wing Defense Defense
Bryan Little Andrei Kostitsyn Corey Perry Marc Staal Jack Johnson
Last Minutes Defensive
Center Left Wing Right Wing Defense Defense
Mike Comrie Mikkel Boedker Chuck Kobasew Marc Staal Jack Johnson
Goaltenders
Starting : Semyon Varlamov
Backup : Dan Ellis
Extra Forwards
Normal : Corey Perry, Paul Stastny, Alexander Radulov - PP : Corey Perry, Paul Stastny - PK : Alexander Radulov
Extra Defensemen
Normal : Pernell Karl Subban, Marc Staal, Shane O'Brien - PP : Pernell Karl Subban - PK : Jack Johnson, Shane O'Brien
Penalty Shots
Corey Perry, Andrei Kostitsyn, Mikkel Boedker, Bryan Little, Mike Comrie
Senateurs
5 vs 5 Forward
Center Left Wing Right Wing Time % Phy DF OF
1 Gilbert Brule Thomas Vanek Johan Franzen 40 1 2 2
2 Brad Richards Brenden Morrow B.J. Crombeen 30 1 2 2
3 Brandon Dubinsky Darcy Hordichuk Milan Hejduk 20 1 2 2
4 Andrew Ebbett Andy McDonald George Parros 10 1 2 2
5 vs 5 Defense
Defense Defense Time % Phy DF OF
1 Kurtis Foster Dan Hamhuis 40 1 2 2
2 Vitaly Vishnevsky Carlo Colaiacovo 30 1 2 2
3 Dan Girardi Vladimir Mihalik 20 1 2 2
4 Kurtis Foster Dan Hamhuis 10 1 2 2
PowerPlay Forward
Center Left Wing Right Wing Time % Phy DF OF
1 Gilbert Brule Thomas Vanek Johan Franzen 60 1 1 3
2 Brad Richards Brenden Morrow B.J. Crombeen 40 1 1 3
PowerPlay Defense
Defense Defense Time % Phy DF OF
1 Kurtis Foster Dan Hamhuis 60 1 2 2
2 Vitaly Vishnevsky Carlo Colaiacovo 40 1 2 2
Penalty Kill 4 Players Forward
Center Wing Time % Phy DF OF
1 Gilbert Brule Thomas Vanek 60 1 2 2
2 Brad Richards Brenden Morrow 40 1 2 2
Penalty Kill 4 Players Defense
Defense Defense Time % Phy DF OF
1 Kurtis Foster Dan Hamhuis 60 1 2 2
2 Vitaly Vishnevsky Carlo Colaiacovo 40 1 2 2
Penalty Kill - 3 Players Forward
Forward Time % Phy DF OF
1 Gilbert Brule 60 1 2 2
2 Thomas Vanek 40 1 2 2
Penalty Kill - 3 Players Defense
Defense Defense Time % Phy DF OF
1 Kurtis Foster Dan Hamhuis 60 1 2 2
2 Vitaly Vishnevsky Carlo Colaiacovo 40 1 2 2
4 vs 4 Forward
Center Wing Time % Phy DF OF
1 Gilbert Brule Thomas Vanek 60 1 2 2
2 Brad Richards Brenden Morrow 40 1 2 2
4 vs 4 Defense
Defense Defense Time % Phy DF OF
1 Kurtis Foster Dan Hamhuis 60 1 2 2
2 Vitaly Vishnevsky Carlo Colaiacovo 40 1 2 2
Last Minutes Offensive
Center Left Wing Right Wing Defense Defense
Gilbert Brule Thomas Vanek Johan Franzen Kurtis Foster Dan Hamhuis
Last Minutes Defensive
Center Left Wing Right Wing Defense Defense
Gilbert Brule Thomas Vanek Johan Franzen Kurtis Foster Dan Hamhuis
Goaltenders
Starting : Jonas Gustavsson
Backup : Ondrej Pavelec
Extra Forwards
Normal : Darcy Hordichuk, Andy McDonald, Andrew Ebbett - PP : Darcy Hordichuk, Andy McDonald - PK : Andrew Ebbett
Extra Defensemen
Normal : Dan Girardi, Vladimir Mihalik, Vitaly Vishnevsky - PP : Dan Girardi - PK : Vladimir Mihalik, Vitaly Vishnevsky
Penalty Shots
Gilbert Brule, Thomas Vanek, Brad Richards, Brenden Morrow, Johan Franzen
% Time on Ice - Avalanche
Lines # - Real PCT - Wanted PCT - Time Play
Normal Forward
1 - 28% - 35% - 10:23
2 - 28% - 35% - 10:25
3 - 19% - 15% - 7:06
4 - 24% - 15% - 8:47
Normal Defense
1 - 46% - 40% - 16:53
2 - 29% - 30% - 10:43
3 - 25% - 30% - 9:05
4 - 0% - 0% - 0:00
PP Forward
1 - 55% - 60% - 8:15
2 - 45% - 40% - 6:42
PP Defense
1 - 59% - 60% - 8:50
2 - 41% - 40% - 6:07
PK Forward
1 - 83% - 60% - 4:33
2 - 17% - 40% - 0:55
PK Defense
1 - 69% - 60% - 3:46
2 - 31% - 40% - 1:42
PK3 Forward
1 - 0% - 60%
2 - 0% - 40%
PK3 Defense
1 - 0% - 60%
2 - 0% - 40%
44 Forward
1 - 72% - 60% - 2:05
2 - 28% - 40% - 0:49
44 Defense
1 - 75% - 60% - 2:11
2 - 25% - 40% - 0:43
Last Minute Offensive - 0:00
Last Minute Defensive - 0:00
Total
Forward - 60:00
Defense - 60:00
|
% Time on Ice - Senateurs
Lines # - Real PCT - Wanted PCT - Time Play
Normal Forward
1 - 37% - 40% - 13:34
2 - 25% - 30% - 9:06
3 - 21% - 20% - 7:37
4 - 17% - 10% - 6:24
Normal Defense
1 - 42% - 40% - 15:29
2 - 33% - 30% - 12:02
3 - 24% - 20% - 8:42
4 - 1% - 10% - 0:28
PP Forward
1 - 64% - 60% - 3:29
2 - 36% - 40% - 1:59
PP Defense
1 - 62% - 60% - 3:24
2 - 38% - 40% - 2:04
PK Forward
1 - 71% - 60% - 10:33
2 - 29% - 40% - 4:24
PK Defense
1 - 52% - 60% - 7:45
2 - 48% - 40% - 7:12
PK3 Forward
1 - 0% - 60%
2 - 0% - 40%
PK3 Defense
1 - 0% - 60%
2 - 0% - 40%
44 Forward
1 - 64% - 60% - 1:52
2 - 36% - 40% - 1:02
44 Defense
1 - 86% - 60% - 2:30
2 - 14% - 40% - 0:24
Last Minute Offensive - 0:00
Last Minute Defensive - 0:00
Total
Forward - 60:00
Defense - 60:00
|
Play by Play
1st period
0:01 of 1st period - Bryan Little wins face-off versus Gilbert Brule in neutral zone.
0:26 of 1st period - Paul Stastny is hit by Kurtis Foster and loses puck.
0:50 of 1st period - Icing by Marc Staal.
0:51 of 1st period - Mike Comrie wins face-off versus Brandon Dubinsky in Avalanche zone.
1:06 of 1st period - Snap shot by Darcy Hordichuk.
1:06 of 1st period - Shot Blocked by Marc Staal.
2:08 of 1st period - Snap shot by B.J. Crombeen.
2:08 of 1st period - Deflect By Ryan Smyth.
2:08 of 1st period - Stopped by Semyon Varlamov with a rebound.
3:15 of 1st period - Wrist shot by Mikkel Boedker.
3:15 of 1st period - Stopped by Jonas Gustavsson with a rebound.
3:17 of 1st period - Snap shot by Paul Stastny.
3:17 of 1st period - Shot Misses the Net.
3:19 of 1st period - Slapshot by Pernell Karl Subban.
3:19 of 1st period - Shot Blocked by Vitaly Vishnevsky.
3:21 of 1st period - Wrist shot by Mikkel Boedker.
3:21 of 1st period - Shot Blocked by Andy McDonald.
3:23 of 1st period - Snap shot by Alexander Radulov.
3:23 of 1st period - Shot Hit the Post.
3:25 of 1st period - Wrist shot by Paul Stastny.
3:25 of 1st period - Shot Misses the Net.
3:27 of 1st period - Snap shot by Mikkel Boedker.
3:27 of 1st period - Goal by Mikkel Boedker - Avalanche : 1 - Senateurs : 0.
3:28 of 1st period - Gilbert Brule wins face-off versus Bryan Little in neutral zone.
3:30 of 1st period - Minor Penalty to Gilbert Brule for Hooking.
3:31 of 1st period - Andrew Ebbett wins face-off versus Bryan Little in Senateurs zone.
3:58 of 1st period - Dan Hamhuis is hit by Mikkel Boedker.
5:30 of 1st period - Penalty to Gilbert Brule is over, Gilbert Brule is back on ice.
6:04 of 1st period - Wrist shot by Ryan Smyth.
6:04 of 1st period - Stopped by Jonas Gustavsson without a rebound.
6:05 of 1st period - Gilbert Brule wins face-off versus David Krejci in Senateurs zone.
6:14 of 1st period - Shane O'Brien is hit by Thomas Vanek and loses puck.
6:31 of 1st period - Wrist shot by Ryan Smyth.
6:31 of 1st period - Stopped by Jonas Gustavsson without a rebound.
6:32 of 1st period - Mike Comrie wins face-off versus B.J. Crombeen in Senateurs zone.
6:45 of 1st period - Wrist shot by Brad Richards.
6:45 of 1st period - Shot Blocked by Marc Staal.
6:47 of 1st period - Wrist shot by Brad Richards.
6:47 of 1st period - Shot Misses the Net.
7:20 of 1st period - Slapshot by Andy McDonald.
7:20 of 1st period - Shot Misses the Net.
7:27 of 1st period - Minor Penalty to Paul Stastny for Hooking.
7:28 of 1st period - Mike Comrie wins face-off versus Gilbert Brule in Avalanche zone.
7:40 of 1st period - Wrist shot by Mike Comrie.
7:40 of 1st period - Shot Misses the Net.
7:42 of 1st period - Minor Penalty to Dan Hamhuis for Roughing.
7:43 of 1st period - Gilbert Brule wins face-off versus Corey Perry in Senateurs zone.
8:18 of 1st period - Slapshot by Brad Richards.
8:18 of 1st period - Goal by Brad Richards - Avalanche : 1 - Senateurs : 1.
8:19 of 1st period - Corey Perry wins face-off versus Gilbert Brule in neutral zone.
8:46 of 1st period - Dan Girardi is hit by Mikkel Boedker and loses puck.
8:57 of 1st period - Snap shot by Mikkel Boedker.
8:57 of 1st period - Stopped by Jonas Gustavsson with a rebound.
9:00 of 1st period - Icing by Brenden Morrow.
9:01 of 1st period - Corey Perry wins face-off versus Brad Richards in Senateurs zone.
9:23 of 1st period - Off-side.
9:24 of 1st period - Gilbert Brule wins face-off versus Mikkel Boedker in neutral zone.
9:27 of 1st period - Penalty to Paul Stastny is over, Paul Stastny is back on ice.
9:39 of 1st period - Wrist shot by Mikkel Boedker.
9:39 of 1st period - Shot Blocked by Carlo Colaiacovo.
9:42 of 1st period - Penalty to Dan Hamhuis is over, Dan Hamhuis is back on ice.
9:51 of 1st period - Wrist shot by Dan Hamhuis.
9:51 of 1st period - Stopped by Semyon Varlamov without a rebound.
9:52 of 1st period - Chuck Kobasew wins face-off versus Brad Richards in Avalanche zone.
9:59 of 1st period - Wrist shot by Brenden Morrow.
9:59 of 1st period - Shot Misses the Net.
10:01 of 1st period - Snap shot by B.J. Crombeen.
10:01 of 1st period - Stopped by Semyon Varlamov with a rebound.
10:03 of 1st period - Snap shot by B.J. Crombeen.
10:03 of 1st period - Stopped by Semyon Varlamov with a rebound.
10:05 of 1st period - Wrist shot by Brad Richards.
10:05 of 1st period - Stopped by Semyon Varlamov without a rebound.
10:06 of 1st period - Bryan Little wins face-off versus Gilbert Brule in Avalanche zone.
10:19 of 1st period - Wrist shot by Corey Perry.
10:19 of 1st period - Stopped by Jonas Gustavsson with a rebound.
10:21 of 1st period - Minor Penalty to Gilbert Brule for Holding.
10:22 of 1st period - Bryan Little wins face-off versus Andrew Ebbett in Senateurs zone.
10:27 of 1st period - Wrist shot by Andrei Kostitsyn.
10:27 of 1st period - Stopped by Jonas Gustavsson without a rebound.
10:28 of 1st period - Andrew Ebbett wins face-off versus Bryan Little in Senateurs zone.
10:56 of 1st period - Snap shot by Corey Perry.
10:56 of 1st period - Shot Blocked by Kurtis Foster.
11:14 of 1st period - Wrist shot by Andrei Kostitsyn.
11:14 of 1st period - Stopped by Jonas Gustavsson with a rebound.
11:16 of 1st period - Wrist shot by Bryan Little.
11:16 of 1st period - Stopped by Jonas Gustavsson with a rebound.
11:18 of 1st period - Snap shot by Andrei Kostitsyn.
11:18 of 1st period - Stopped by Jonas Gustavsson with a rebound.
11:20 of 1st period - Wrist shot by Corey Perry.
11:20 of 1st period - Deflect By Bryan Little.
11:20 of 1st period - Deflect By Kurtis Foster.
11:20 of 1st period - Shot Blocked by Kurtis Foster.
11:20 of 1st period - Puck is out of play.
11:21 of 1st period - Brenden Morrow wins face-off versus Paul Stastny in Senateurs zone.
12:21 of 1st period - Penalty to Gilbert Brule is over, Gilbert Brule is back on ice.
12:25 of 1st period - Off-side.
12:26 of 1st period - Brandon Dubinsky wins face-off versus David Krejci in neutral zone.
12:42 of 1st period - Off-side.
12:43 of 1st period - Thomas Vanek wins face-off versus Paul Stastny in neutral zone.
12:43 of 1st period - Kurtis Foster is hit by Paul Stastny and loses puck.
13:55 of 1st period - Snap shot by Ryan Smyth.
13:55 of 1st period - Stopped by Jonas Gustavsson without a rebound.
13:56 of 1st period - Johan Franzen wins face-off versus Mike Comrie in Senateurs zone.
14:45 of 1st period - Brandon Dubinsky is hit by Bryan Little and loses puck.
15:04 of 1st period - Vitaly Vishnevsky is hit by Paul Stastny and loses puck.
15:13 of 1st period - Thomas Vanek is hit by Mikkel Boedker and loses puck.
15:29 of 1st period - Icing by Marc Staal.
15:30 of 1st period - Brad Richards wins face-off versus Paul Stastny in Avalanche zone.
15:31 of 1st period - Slapshot by B.J. Crombeen.
15:31 of 1st period - Goal by B.J. Crombeen - Avalanche : 1 - Senateurs : 2.
15:32 of 1st period - Bryan Little wins face-off versus Thomas Vanek in neutral zone.
15:43 of 1st period - Snap shot by Corey Perry.
15:43 of 1st period - Stopped by Jonas Gustavsson with a rebound.
16:31 of 1st period - Slapshot by Marc Staal.
16:31 of 1st period - Stopped by Jonas Gustavsson without a rebound.
16:32 of 1st period - Gilbert Brule wins face-off versus Bryan Little in Senateurs zone.
16:41 of 1st period - Andrei Kostitsyn is hit by Johan Franzen and loses puck.
16:54 of 1st period - Gilbert Brule is hit by Marc Staal and loses puck.
17:13 of 1st period - Wrist shot by Thomas Vanek.
17:13 of 1st period - Stopped by Semyon Varlamov without a rebound.
17:14 of 1st period - Brad Richards wins face-off versus Paul Stastny in Avalanche zone.
17:41 of 1st period - Brandon Dubinsky is hit by Johnny Boychuk.
18:02 of 1st period - Johnny Boychuk is hit by Kurtis Foster and loses puck.
18:07 of 1st period - Slapshot by David Krejci.
18:07 of 1st period - Shot Blocked by Kurtis Foster.
18:09 of 1st period - Slapshot by Johnny Boychuk.
18:09 of 1st period - Stopped by Jonas Gustavsson without a rebound.
18:10 of 1st period - Gilbert Brule wins face-off versus Bryan Little in Senateurs zone.
18:21 of 1st period - Slapshot by Corey Perry.
18:21 of 1st period - Deflect By Johan Franzen.
18:21 of 1st period - Shot Blocked by Kurtis Foster.
18:21 of 1st period - Puck is out of play.
18:22 of 1st period - Gilbert Brule wins face-off versus Bryan Little in Senateurs zone.
18:22 of 1st period - Gilbert Brule is hit by Andrei Kostitsyn.
18:32 of 1st period - Snap shot by Gilbert Brule.
18:32 of 1st period - Stopped by Semyon Varlamov without a rebound.
18:33 of 1st period - Bryan Little wins face-off versus Gilbert Brule in Avalanche zone.
18:50 of 1st period - Wrist shot by Andrei Kostitsyn.
18:50 of 1st period - Stopped by Jonas Gustavsson with a rebound.
19:05 of 1st period - Snap shot by B.J. Crombeen.
19:05 of 1st period - Stopped by Semyon Varlamov without a rebound.
19:06 of 1st period - Brad Richards wins face-off versus Paul Stastny in Avalanche zone.
19:07 of 1st period - Snap shot by Brenden Morrow.
19:07 of 1st period - Shot Blocked by Jay Bouwmeester.
19:09 of 1st period - Snap shot by Brad Richards.
19:09 of 1st period - Shot Blocked by Shane O'Brien.
19:11 of 1st period - Slapshot by Carlo Colaiacovo.
19:11 of 1st period - Deflect By B.J. Crombeen.
19:11 of 1st period - Shot Misses the Net.
19:11 of 1st period - Puck is out of play.
19:12 of 1st period - Gilbert Brule wins face-off versus Paul Stastny in Avalanche zone.
19:39 of 1st period - Wrist shot by Brad Richards.
19:39 of 1st period - Shot Blocked by Shane O'Brien.
19:41 of 1st period - Slapshot by Vitaly Vishnevsky.
19:41 of 1st period - Deflect By Brenden Morrow.
19:41 of 1st period - Shot Misses the Net.
19:41 of 1st period - Puck is out of play.
19:42 of 1st period - Bryan Little wins face-off versus Brad Richards in Avalanche zone.
Goals for this period are 1 for Avalanche vs 2 for Senateurs.
Shots for this period are 15 for Avalanche vs 10 for Senateurs.
2nd period
0:01 of 2nd period - Bryan Little wins face-off versus Gilbert Brule in neutral zone.
0:05 of 2nd period - Pernell Karl Subban is hit by Gilbert Brule.
0:24 of 2nd period - Minor Penalty to Kurtis Foster for Slashing.
0:25 of 2nd period - Bryan Little wins face-off versus Gilbert Brule in Senateurs zone.
0:28 of 2nd period - Snap shot by Corey Perry.
0:28 of 2nd period - Stopped by Jonas Gustavsson without a rebound.
0:29 of 2nd period - Bryan Little wins face-off versus Gilbert Brule in Senateurs zone.
0:46 of 2nd period - Wrist shot by Bryan Little.
0:46 of 2nd period - Shot Misses the Net.
1:22 of 2nd period - Brad Richards is hit by Marc Staal and loses puck.
2:18 of 2nd period - Wrist shot by Dan Hamhuis.
2:18 of 2nd period - Shot Blocked by Paul Stastny.
2:24 of 2nd period - Penalty to Kurtis Foster is over, Kurtis Foster is back on ice.
2:38 of 2nd period - Wrist shot by Darcy Hordichuk.
2:38 of 2nd period - Deflect By Brandon Dubinsky.
2:38 of 2nd period - Stopped by Semyon Varlamov with a rebound.
2:44 of 2nd period - Brandon Dubinsky is hit by Mike Comrie and loses puck.
2:57 of 2nd period - Dan Girardi is hit by David Krejci and loses puck.
3:31 of 2nd period - Johan Franzen is hit by Alexander Radulov and loses puck.
3:53 of 2nd period - Vladimir Mihalik is hit by Marc Staal and loses puck.
4:24 of 2nd period - Minor Penalty to Jay Bouwmeester for Diving.
4:25 of 2nd period - Gilbert Brule wins face-off versus Mike Comrie in Avalanche zone.
4:42 of 2nd period - Slapshot by Johan Franzen.
4:42 of 2nd period - Stopped by Semyon Varlamov with a rebound.
5:03 of 2nd period - Pernell Karl Subban is hit by Brenden Morrow and loses puck.
5:42 of 2nd period - Snap shot by Jack Johnson.
5:42 of 2nd period - Deflect By Thomas Vanek.
5:42 of 2nd period - Stopped by Jonas Gustavsson without a rebound.
5:43 of 2nd period - Brandon Yip wins face-off versus Gilbert Brule in Senateurs zone.
6:24 of 2nd period - Penalty to Jay Bouwmeester is over, Jay Bouwmeester is back on ice.
7:29 of 2nd period - Snap shot by Vladimir Mihalik.
7:29 of 2nd period - Shot Misses the Net.
7:31 of 2nd period - Slapshot by Vladimir Mihalik.
7:31 of 2nd period - Shot Blocked by Ryan Smyth.
8:30 of 2nd period - Slapshot by Andy McDonald.
8:30 of 2nd period - Stopped by Semyon Varlamov without a rebound.
8:31 of 2nd period - Brad Richards wins face-off versus Corey Perry in Avalanche zone.
8:34 of 2nd period - Slapshot by B.J. Crombeen.
8:34 of 2nd period - Shot Blocked by Pernell Karl Subban.
8:36 of 2nd period - Snap shot by Dan Hamhuis.
8:36 of 2nd period - Shot Blocked by Bryan Little.
8:38 of 2nd period - Wrist shot by Brad Richards.
8:38 of 2nd period - Deflect By Bryan Little.
8:38 of 2nd period - Shot Misses the Net.
8:38 of 2nd period - Puck is out of play.
8:39 of 2nd period - Brad Richards wins face-off versus Bryan Little in Avalanche zone.
8:51 of 2nd period - Minor Penalty to Bryan Little for Holding.
8:52 of 2nd period - Mike Comrie wins face-off versus Gilbert Brule in Avalanche zone.
9:01 of 2nd period - Off-side.
9:02 of 2nd period - Mike Comrie wins face-off versus Gilbert Brule in neutral zone.
9:15 of 2nd period - Snap shot by Thomas Vanek.
9:15 of 2nd period - Shot Blocked by Marc Staal.
9:17 of 2nd period - Wrist shot by Thomas Vanek.
9:17 of 2nd period - Stopped by Semyon Varlamov with a rebound.
9:19 of 2nd period - Backhand shot by Thomas Vanek.
9:19 of 2nd period - Shot Misses the Net.
9:21 of 2nd period - Snap shot by Kurtis Foster.
9:21 of 2nd period - Deflect By Jack Johnson.
9:21 of 2nd period - Stopped by Semyon Varlamov with a rebound.
9:23 of 2nd period - Slapshot by Kurtis Foster.
9:23 of 2nd period - Shot Blocked by Marc Staal.
9:25 of 2nd period - Slapshot by Dan Hamhuis.
9:25 of 2nd period - Stopped by Semyon Varlamov with a rebound.
9:27 of 2nd period - Wrist shot by Thomas Vanek.
9:27 of 2nd period - Goal by Thomas Vanek - Avalanche : 1 - Senateurs : 3.
9:28 of 2nd period - Paul Stastny wins face-off versus Gilbert Brule in neutral zone.
9:45 of 2nd period - Snap shot by Alexander Radulov.
9:45 of 2nd period - Stopped by Jonas Gustavsson with a rebound.
9:57 of 2nd period - Minor Penalty to Gilbert Brule for High sticking.
9:58 of 2nd period - Bryan Little wins face-off versus Andrew Ebbett in Senateurs zone.
10:14 of 2nd period - Slapshot by Jay Bouwmeester.
10:14 of 2nd period - Shot Misses the Net.
11:57 of 2nd period - Penalty to Gilbert Brule is over, Gilbert Brule is back on ice.
12:14 of 2nd period - Darcy Hordichuk is hit by Marc Staal and loses puck.
13:03 of 2nd period - Icing by Andrew Ebbett.
13:04 of 2nd period - Mike Comrie wins face-off versus Andrew Ebbett in Senateurs zone.
13:05 of 2nd period - Slapshot by Ryan Smyth.
13:05 of 2nd period - Stopped by Jonas Gustavsson with a rebound.
13:51 of 2nd period - Snap shot by Chuck Kobasew.
13:51 of 2nd period - Shot Blocked by B.J. Crombeen.
13:53 of 2nd period - Slapshot by Andrew Ladd.
13:53 of 2nd period - Stopped by Jonas Gustavsson with a rebound.
13:55 of 2nd period - Slapshot by Marc Staal.
13:55 of 2nd period - Shot Misses the Net.
14:07 of 2nd period - Double Minor Penalty to Carlo Colaiacovo for Roughing.
14:08 of 2nd period - Gilbert Brule wins face-off versus Bryan Little in Senateurs zone.
14:44 of 2nd period - Slapshot by Mikkel Boedker.
14:44 of 2nd period - Shot Misses the Net.
15:10 of 2nd period - Corey Perry is hit by Gilbert Brule and loses puck.
15:33 of 2nd period - Vladimir Mihalik is hit by Alexander Radulov and loses puck.
15:58 of 2nd period - Slapshot by Kurtis Foster.
15:58 of 2nd period - Shot Misses the Net.
16:10 of 2nd period - Dan Hamhuis is hit by Brandon Yip and loses puck.
16:15 of 2nd period - Wrist shot by David Krejci.
16:15 of 2nd period - Stopped by Jonas Gustavsson with a rebound.
16:17 of 2nd period - Slapshot by Pernell Karl Subban.
16:17 of 2nd period - Shot Misses the Net.
18:07 of 2nd period - Penalty to Carlo Colaiacovo is over, Carlo Colaiacovo is back on ice.
18:11 of 2nd period - Snap shot by Brad Richards.
18:11 of 2nd period - Shot Blocked by Pernell Karl Subban.
18:22 of 2nd period - Dan Hamhuis is hit by Ryan Smyth and loses puck.
18:37 of 2nd period - Backhand shot by Darcy Hordichuk.
18:37 of 2nd period - Shot Misses the Net.
18:48 of 2nd period - Off-side.
18:49 of 2nd period - David Krejci wins face-off versus Gilbert Brule in neutral zone.
19:56 of 2nd period - Marc Staal is hit by Brenden Morrow and loses puck.
Goals for this period are 0 for Avalanche vs 1 for Senateurs.
Shots for this period are 6 for Avalanche vs 7 for Senateurs.
3rd period
0:01 of 3rd period - Bryan Little wins face-off versus Thomas Vanek in neutral zone.
0:04 of 3rd period - Wrist shot by Johnny Boychuk.
0:04 of 3rd period - Deflect By Corey Perry.
0:04 of 3rd period - Stopped by Jonas Gustavsson with a rebound.
0:10 of 3rd period - Johnny Boychuk is hit by Gilbert Brule and loses puck.
0:42 of 3rd period - Double Minor Penalty to Jack Johnson for High sticking.
0:43 of 3rd period - Gilbert Brule wins face-off versus Mike Comrie in Avalanche zone.
1:11 of 3rd period - Off-side.
1:12 of 3rd period - Brad Richards wins face-off versus Mike Comrie in neutral zone.
1:25 of 3rd period - Wrist shot by Brenden Morrow.
1:25 of 3rd period - Goal by Brenden Morrow - Avalanche : 1 - Senateurs : 4.
1:25 of 3rd period - Dan Ellis enters game.
1:26 of 3rd period - Gilbert Brule wins face-off versus Mike Comrie in neutral zone.
1:29 of 3rd period - Slapshot by Dan Hamhuis.
1:29 of 3rd period - Stopped by Dan Ellis without a rebound.
1:30 of 3rd period - Mike Comrie wins face-off versus Gilbert Brule in Avalanche zone.
1:37 of 3rd period - Wrist shot by Thomas Vanek.
1:37 of 3rd period - Goal by Thomas Vanek - Avalanche : 1 - Senateurs : 5.
1:38 of 3rd period - Gilbert Brule wins face-off versus Bryan Little in neutral zone.
2:05 of 3rd period - Kurtis Foster is hit by Mikkel Boedker and loses puck.
2:19 of 3rd period - Snap shot by Mikkel Boedker.
2:19 of 3rd period - Stopped by Jonas Gustavsson without a rebound.
2:20 of 3rd period - Gilbert Brule wins face-off versus David Krejci in Senateurs zone.
2:20 of 3rd period - Thomas Vanek is hit by Marc Staal and loses puck.
2:41 of 3rd period - Minor Penalty to Vitaly Vishnevsky for Holding Stick.
2:42 of 3rd period - Bryan Little wins face-off versus Gilbert Brule in Senateurs zone.
2:53 of 3rd period - Bryan Little is hit by Kurtis Foster and loses puck.
3:46 of 3rd period - Gilbert Brule is hit by Alexander Radulov.
4:41 of 3rd period - Penalty to Vitaly Vishnevsky is over, Vitaly Vishnevsky is back on ice.
5:38 of 3rd period - Brad Richards is hit by Ryan Smyth.
6:25 of 3rd period - Jack Johnson is hit by Thomas Vanek and loses puck.
6:40 of 3rd period - Johnny Boychuk is hit by Brenden Morrow and loses puck.
7:49 of 3rd period - Andrew Ladd is hit by Vitaly Vishnevsky and loses puck.
8:17 of 3rd period - Vladimir Mihalik is hit by Jay Bouwmeester.
8:21 of 3rd period - Snap shot by Gilbert Brule.
8:21 of 3rd period - Shot Blocked by Jay Bouwmeester.
9:07 of 3rd period - Dan Hamhuis is hit by Marc Staal and loses puck.
9:14 of 3rd period - Andrei Kostitsyn is hit by Thomas Vanek and loses puck.
9:44 of 3rd period - Brad Richards is hit by Mike Comrie and loses puck.
9:46 of 3rd period - Minor Penalty to Mike Comrie for Roughing.
9:47 of 3rd period - Alexander Radulov wins face-off versus Gilbert Brule in Avalanche zone.
10:20 of 3rd period - Off-side.
10:21 of 3rd period - Thomas Vanek wins face-off versus David Krejci in neutral zone.
10:40 of 3rd period - Slapshot by Vitaly Vishnevsky.
10:40 of 3rd period - Goal by Vitaly Vishnevsky - Avalanche : 1 - Senateurs : 6.
10:41 of 3rd period - Bryan Little wins face-off versus Gilbert Brule in neutral zone.
11:50 of 3rd period - Slapshot by Gilbert Brule.
11:50 of 3rd period - Shot Blocked by Marc Staal.
11:58 of 3rd period - Wrist shot by Johan Franzen.
11:58 of 3rd period - Stopped by Dan Ellis with a rebound.
12:22 of 3rd period - Snap shot by Thomas Vanek.
12:22 of 3rd period - Shot Blocked by Chuck Kobasew.
13:25 of 3rd period - Slapshot by Andrew Ladd.
13:25 of 3rd period - Shot Misses the Net.
13:27 of 3rd period - Wrist shot by David Krejci.
13:27 of 3rd period - Stopped by Jonas Gustavsson with a rebound.
13:29 of 3rd period - Wrist shot by Andrew Ladd.
13:29 of 3rd period - Goal by Andrew Ladd - Avalanche : 2 - Senateurs : 6.
13:30 of 3rd period - Paul Stastny wins face-off versus Brad Richards in neutral zone.
14:06 of 3rd period - Wrist shot by Andrei Kostitsyn.
14:06 of 3rd period - Stopped by Jonas Gustavsson with a rebound.
14:08 of 3rd period - Wrist shot by Bryan Little.
14:08 of 3rd period - Stopped by Jonas Gustavsson with a rebound.
14:10 of 3rd period - Slapshot by Johnny Boychuk.
14:10 of 3rd period - Shot Blocked by Carlo Colaiacovo.
14:20 of 3rd period - Slapshot by Carlo Colaiacovo.
14:20 of 3rd period - Stopped by Dan Ellis without a rebound.
14:21 of 3rd period - Mike Comrie wins face-off versus Andrew Ebbett in Avalanche zone.
14:21 of 3rd period - Mike Comrie is hit by Vladimir Mihalik.
14:26 of 3rd period - Off-side.
14:27 of 3rd period - George Parros wins face-off versus Paul Stastny in neutral zone.
14:55 of 3rd period - Icing by Andrew Ebbett.
14:56 of 3rd period - Andrew Ebbett wins face-off versus Andrei Kostitsyn in Senateurs zone.
16:02 of 3rd period - Wrist shot by Andrei Kostitsyn.
16:02 of 3rd period - Shot Misses the Net.
16:52 of 3rd period - Bryan Little is hit by Brad Richards and loses puck.
17:05 of 3rd period - Marc Staal is hit by Andy McDonald and loses puck.
17:12 of 3rd period - Minor Penalty to Marc Staal for Interference.
17:13 of 3rd period - Gilbert Brule wins face-off versus Mike Comrie in Avalanche zone.
17:30 of 3rd period - Snap shot by Gilbert Brule.
17:30 of 3rd period - Shot Misses the Net.
17:48 of 3rd period - Slapshot by Brad Richards.
17:48 of 3rd period - Stopped by Dan Ellis with a rebound.
17:50 of 3rd period - Slapshot by Vitaly Vishnevsky.
17:50 of 3rd period - Shot Blocked by Jack Johnson.
18:01 of 3rd period - Minor Penalty to Vitaly Vishnevsky for Roughing.
18:02 of 3rd period - Gilbert Brule wins face-off versus Corey Perry in Senateurs zone.
18:07 of 3rd period - Slapshot by Dan Hamhuis.
18:07 of 3rd period - Stopped by Dan Ellis with a rebound.
18:09 of 3rd period - Snap shot by Thomas Vanek.
18:09 of 3rd period - Shot Misses the Net.
18:11 of 3rd period - Slapshot by Dan Hamhuis.
18:11 of 3rd period - Shot Misses the Net.
18:13 of 3rd period - Snap shot by Thomas Vanek.
18:13 of 3rd period - Stopped by Dan Ellis without a rebound.
18:14 of 3rd period - Corey Perry wins face-off versus Gilbert Brule in Avalanche zone.
18:27 of 3rd period - Snap shot by Corey Perry.
18:27 of 3rd period - Shot Misses the Net.
19:01 of 3rd period - Slapshot by Brenden Morrow.
19:01 of 3rd period - Stopped by Dan Ellis with a rebound.
19:12 of 3rd period - Penalty to Marc Staal is over, Marc Staal is back on ice.
Goals for this period are 1 for Avalanche vs 3 for Senateurs.
Shots for this period are 6 for Avalanche vs 10 for Senateurs.
Back to the Top